AoeStats
← 陟遐自迩

QS Arena

503639771Analyzed
4v4 RM · 1mo ago on Sep 1, 2026· 32m 47s· 8 players
Game mode
Random Map
Map size
Large (8 player)
Population
200
Speed
Normal
Resources
Standard
Victory
Conquest
Starting age
Dark Age
Ending age
Imperial Age
RankedLock teamsTeams togetherTeam positionsShared explorationLock speedFull tech treeHidden civsTurbo modeCheats
Victory
Defeat
🇩🇪 Bohemians · Germany
1238
+12
🇸🇰 Turks · Slovakia
1143
+17
🇸🇰 Magyars · Slovakia
1142
+17
🇹🇷 Armenians · Türkiye
1140
+17
🇫🇷 Koreans · France
1194
-17
🇭🇰 Poles · Hong Kong SAR China
1158
-16
🇷🇴 Chinese · Romania
1136
-15
🇩🇪 Persians · Germany
1128
-14
imkl
8:20 Feudal Age
10:00 Wheelbarrow
12:38 Castle Age
10:31 Horse Collar
11:21 Double-Bit Axe
13:50 Heavy Plow
14:16 Bow Saw
20:22 Stone Mining
20:26 Gold Mining
22:50 Stone Shaft Mining
22:54 Forging
22:46 Scale Mail Armor
22:51 Scale Barding Armor
22:33 Loom
23:30 Hand Cart
27:33 Imperial Age
26:14 Iron Casting
25:55 Chain Mail Armor
26:58 Fortified Wall
26:45 Fletching
28:41 Conscription
27:41 Elite Obuch
28:55 Plate Mail Armor
29:25 Blast Furnace
28:20 Bodkin Arrow
29:14 Crop Rotation
31:31 Hoardings
Sageata
8:35 Feudal Age
12:50 Castle Age
11:49 Double-Bit Axe
11:47 Horse Collar
18:25 Bow Saw
18:11 Loom
20:16 Heavy Plow
21:32 Wheelbarrow
21:34 Fletching
23:15 Bodkin Arrow
23:59 Padded Archer Armor
Digit
3:18 Loom
6:51 Feudal Age
14:16 Fletching
22:37 Castle Age
陟遐自迩
2:25 Loom
10:49 Feudal Age
11:16 Horse Collar
16:53 Castle Age
15:17 Double-Bit Axe
15:39 Stone Mining
17:36 Wheelbarrow
19:16 Bow Saw
19:55 Heavy Plow
24:06 Gold Mining
25:36 Forging
25:36 Scale Barding Armor
26:26 Gold Shaft Mining
30:07 Imperial Age
28:53 Iron Casting
28:32 Husbandry
28:50 Bloodlines
30:24 Chain Barding Armor
30:33 Hand Cart
30:04 Town Watch
31:48 Blast Furnace
30:11 Cavalier
31:54 Crop Rotation
32:27 Plate Barding Armor
jujuchoker
10:26 Feudal Age
10:27 Loom
15:35 Castle Age
14:22 Fletching
20:33 Double-Bit Axe
23:20 Wheelbarrow
28:23 Imperial Age
27:26 Scale Mail Armor
27:37 Forging
26:53 Pikeman
27:48 Horse Collar
29:52 Chemistry
29:19 Fervor
29:25 Bow Saw
29:30 Bow Saw
32:36 Hand Cart
32:30 Padded Archer Armor
33:26 Leather Archer Armor
GuForD
8:05 Feudal Age
8:31 Feudal Age
9:15 Horse Collar
13:46 Castle Age
11:45 Man-at-Arms
12:40 Double-Bit Axe
12:30 Long Swordsman
14:02 Loom
14:26 Gambesons
14:27 Arson
19:47 Two-Handed Swordsman
21:22 Scale Mail Armor
23:06 Forging
24:56 Bow Saw
25:24 Wheelbarrow
25:19 Heavy Plow
25:56 Squires
25:44 Pikeman
27:46 Iron Casting
27:46 Halberdier
30:57 Hand Cart
31:25 Chain Mail Armor
32:18 Champion
xavii
8:48 Feudal Age
9:17 Double-Bit Axe
9:13 Horse Collar
15:40 Castle Age
14:40 Bloodlines
15:38 Scale Barding Armor
17:06 Chain Barding Armor
16:59 Gold Mining
18:11 Bow Saw
19:12 Loom
21:42 Heavy Plow
27:51 Husbandry
33:48 Imperial Age
33:15 Wheelbarrow
32:31 Town Watch
Fuzboss
9:23 Feudal Age
10:56 Double-Bit Axe
13:59 Castle Age
18:01 Imperial Age
16:15 Padded Archer Armor
17:22 Leather Archer Armor
21:08 Horse Collar
30:13 Ring Archer Armor
31:20 Wheelbarrow
31:09 Town Watch
31:42 Bow Saw
Connection lost

Rejoining the realm…

Still unreachable

The connection could not be restored.

Session expired

The server has moved on; the page needs a fresh start.